 Dungeon Crawl Stone Soup version 0.30-a0-639-g3916f1956a (webtiles) character file.

Game seed: 7914814183411456060

12515 themarg the Martial Artist (level 11, -5/126 HPs)
             Began as a Gnoll Transmuter on Jan 16, 2023.
             Was an Initiate of Gozag.
             Slain by a troll (6 damage)
             ... on level 11 of the Dungeon.
             The game lasted 00:25:49 (12129 turns).

themarg the Martial Artist (Gnoll Transmuter)      Turns: 12129, Time: 00:25:50

Health: -5/126     AC: 25    Str: 10    XL:     11   Next: 94%
Magic:  23/23      EV:  2    Int: 16    God:    Gozag
Gold:   918        SH:  0    Dex: 13    Spells: 5/27 levels left

rFire   + + .      SeeInvis .    M - +7 Throatcutter {drain, coup de grace}
rCold   + . .      Faith    .    (no shield)
rNeg    . . .      Spirit   .    (body armour currently unavailable)
rPois   +          Reflect  .    (helmet currently unavailable)
rElec   +          Harm     .    (cloak currently unavailable)
rCorr   +          Rampage  .    (gloves currently unavailable)
Will    .....      NoTele   +    (boots currently unavailable)
Stlth   +++                      A - amulet of magic regeneration
HPRegen 0.41/turn                D - +5 ring of evasion
MPRegen 0.58/turn                B - ring of protection from fire

@: mighty, tree-form, resistant, wereblooded, gold aura, slowed, very slow
A: stationary, stasis, torment immunity, boosted hp, (fangs 1), strong nose,
distributed training
a: End Transformation, Renounce Religion, Potion Petition, Call Merchant, Bribe
Branch


You were on level 11 of the Dungeon.
You worshipped Gozag.
Gozag was pleased with you.
You were a tree.
You visited 1 branch of the dungeon, and saw 11 of its levels.

You collected 1892 gold pieces.
You spent 58 gold pieces at shops.
You paid 916 gold pieces to Gozag.

Inventory:

Hand Weapons
 M - the +7 Throatcutter (weapon) {drain, coup de grace}
   (You found it on level 9 of the Dungeon)
 N - the +6 lajatang of Watchfulness {flame, *Slow Int+6}
   (You found it on level 9 of the Dungeon)

   Int:       It affects your intelligence (+6).
   *Slow:     It may slow you when you take damage.
Missiles
 d - 108 stones
 g - 49 poisoned darts
 t - 5 atropa-tipped darts
 L - a curare-tipped dart
 P - 2 silver boomerangs
Armour
 a - a +0 robe (melded)
 j - a +0 helmet (melded)
 w - a +0 cloak (melded)
 E - the +0 ring mail "Limaapysop" {rF++ rC- Int+3 SInv}
   (You found it on level 8 of the Dungeon)

   Int:       It affects your intelligence (+3).
   rF:        It greatly protects you from fire.
   rC:        It makes you vulnerable to cold.
   SInv:      It lets you see invisible.
Jewellery
 A - an amulet of magic regeneration (around neck)
 B - a ring of protection from fire (right branch)
 D - a +5 ring of evasion (left branch)
 G - a ring of protection from cold
 O - a ring of fire
Wands
 n - a wand of charming (7)
 o - a wand of mindburst (22)
 v - a wand of polymorph (18)
 J - a wand of flame (10)
Scrolls
 c - 3 scrolls of immolation
 i - 3 scrolls of fog
 k - a scroll of poison {unknown}
 l - 5 scrolls of teleportation
 r - 2 scrolls of blinking {unknown}
 s - 3 scrolls of vulnerability {unknown}
 u - a scroll of fear {unknown}
 x - a scroll of enchant weapon {unknown}
 y - 2 scrolls of enchant armour {unknown}
 I - a scroll of silence {unknown}
 K - a scroll of magic mapping {unknown}
Potions
 b - a potion of lignification
 e - a potion of haste {unknown}
 f - 9 potions of curing
 h - 3 potions of attraction
 m - 2 potions of might
 p - a potion of degeneration {unknown}
 q - 2 potions of berserk rage
 z - a potion of invisibility {unknown}
 H - a potion of heal wounds
Miscellaneous
 C - a phantom mirror
 F - a condenser vane


   Skills:
 + Level 7.5 Fighting
 + Level 7.0 Short Blades
 + Level 7.0 Long Blades
 + Level 7.0 Axes
 + Level 7.0 Maces & Flails
 + Level 7.0 Polearms
 + Level 7.0 Staves
 + Level 7.0 Ranged Weapons
 + Level 7.0 Throwing
 + Level 7.0 Armour
 + Level 8.5 Dodging
 + Level 7.0 Stealth
 + Level 7.0 Shields
 + Level 9.7 Unarmed Combat
 + Level 8.7 Spellcasting
 + Level 5.8 Conjurations
 + Level 5.8 Hexes
 + Level 5.8 Summonings
 + Level 5.8 Necromancy
 + Level 5.8 Translocations
 + Level 7.0 Transmutations
 + Level 5.8 Fire Magic
 + Level 5.8 Ice Magic
 + Level 5.8 Air Magic
 + Level 5.8 Earth Magic
 + Level 5.8 Poison Magic
 + Level 7.7 Invocations
 + Level 7.0 Evocations


You had 5 spell levels left.
You knew the following spells:

 Your Spells              Type           Power      Damage    Failure   Level
a - Beastly Appendage     Tmut           58%        N/A       1%          1
b - Wereblood             Tmut           29%        N/A       1%          2
c - Spider Form           Tmut/Pois      27%        N/A       2%          3
d - Ice Form              Ice/Tmut       27%        N/A       8%          4
e - Airstrike             Air            12%        2d(2-18)  10%         4
f - Mephitic Cloud        Conj/Pois/Air  25%        N/A       2%          3
g - Freezing Cloud        Conj/Ice/Air   12%        6-21      26%         5

Your spell library contained the following spells:

 Spells                   Type           Power      Damage    Failure   Level
 Necrotise                Necr           100%       1d9       1%          1
 Summon Small Mammal      Summ           100%       N/A       1%          1
 Cigotuvi's Dreadful Rot  Necr/Pois/Air  50%        N/A       1%          2
 Ensorcelled Hibernation  Hex/Ice        50%        N/A       1%          2
 Lesser Beckoning         Tloc           50%        N/A       1%          2
 Poisonous Vapours        Pois/Air       50%        N/A       1%          2
 Scorch                   Fire           50%        2d7       1%          2
 Call Canine Familiar     Summ           25%        N/A       2%          3
 Gell's Gravitas          Tloc           25%        N/A       2%          3
 Ignite Poison            Fire/Tmut/Pois 27%        N/A       2%          3
 Inner Flame              Hex/Fire       25%        N/A       2%          3
 Kindle Blastsparks       Fire/Tloc/Air  50%        2d14      2%          3
 Ozocubu's Armour         Ice            25%        N/A       2%          3
 Portal Projectile        Hex/Tloc       50%        N/A       2%          3
 Teleport Other           Tloc           25%        N/A       2%          3
 Vampiric Draining        Necr           25%        2d7       2%          3
 Anguish                  Hex/Necr       12%        N/A       10%         4
 Cause Fear               Hex            12%        N/A       10%         4
 Flame Wave               Conj/Fire      25%        2d8       10%         4
 Leda's Liquefaction      Hex/Erth       12%        N/A       10%         4
 Sticky Flame             Conj/Fire      25%        2d5       10%         4
 Summon Lightning Spire   Summ/Air       25%        N/A       10%         4
 Agony                    Necr           25%        N/A       26%         5
 Lightning Bolt           Conj/Air       12%        1d26      26%         5
 Summon Cactus Giant      Summ           12%        N/A       82%         6
 Ozocubu's Refrigeration  Ice            12%        4d10      100%        7
 Discord                  Hex            12%        N/A       100%        8


Dungeon Overview and Level Annotations

Branches:
Dungeon (11/15)            Temple (0/1) D:5            Lair (0/5) D:9
    Orc: D:9-12

Altars:
Cheibriados
Dithmenos
Elyvilon
Gozag
Kikubaaqudgha
Nemelex Xobeh
Okawaru
Qazlal
Ru
Sif Muna
Trog
Vehumet
Xom
Yredelemnul
The Shining One

Shops:
D:3 *:

Annotations:
D:11 1 transporter


Innate Abilities, Weirdness & Mutations

You are a tree.
Your roots penetrate the ground, keeping you stationary.
You cannot be teleported.
You are immune to unholy pain and torment.
Your maximum health is greatly increased.
Your equipment is partially melded.
((You have very sharp teeth.))
Your uncanny sense of smell can sniff out nearby items.
Your experience applies equally to all skills.


Message History

The kobold brigand hits you but does no damage.
You closely miss the wraith.
The wraith is lightly damaged.
The troll bites you but does no damage. The troll claws you.
* * * LOW HITPOINT WARNING * * *
The troll claws you but does no damage. The wraith hits you.
* * * LOW HITPOINT WARNING * * *
The wraith drains your vigour!
You feel as though you will be slow longer.
The kobold brigand hits you but does no damage.
The wraith hits you.
* * * LOW HITPOINT WARNING * * *
The kobold brigand is distracted by your dazzling golden aura.
The troll bites you but does no damage. The troll barely misses you.
The troll claws you but does no damage.
The kobold brigand shouts!
You slash the wraith!
The wraith is moderately damaged.
You hear a shout!
The kobold is no longer distracted by gold.
The troll bites you but does no damage. The troll claws you but does no damage.
The troll barely misses you.
The kobold brigand hits you but does no damage.
The wraith hits you!
* * * LOW HITPOINT WARNING * * *
The wraith drains your vigour!
You feel as though you will be slow longer.
You slash the wraith!
The wraith is severely damaged.
You creak as the wereblood boils in your veins!
The troll bites you!
* * * LOW HITPOINT WARNING * * *
The troll claws you but does no damage. x2
The wraith is distracted by your dazzling golden aura.
The kobold brigand hits you but does no damage.
The troll bites you but does no damage. The troll claws you.
* * * LOW HITPOINT WARNING * * *
The troll claws you.
You die...
Your body crumbles into a pile of gold.

#.#####. . ..##
#...©.. .. .###..K
..... .... ....[..
#...#..K..
......K###...#..##.
..........K........
...........<.......
.......###T..#...[.
^...^..KW♣KK.# #.#
.#.#######K..#
#...........#
#.####......#
#........#
#.$......#
h.............#
.....#...C#..##
##...##.#O#.#.#


You could see a troll, a wraith (unaware), 4 kobold brigands and 2 kobolds.

Vanquished Creatures
  2 centaur warriors (D:8)
  A two-headed ogre (D:11)
  Pikel (D:6)
  An ugly thing (D:8)
  A cyclops (D:11)
  An ice statue (D:9)
  A gargoyle (D:8)
  A cane toad (shapeshifter) (D:8)
  2 kobold demonologists (D:9)
  An unseen horror (D:8)
  2 trolls (D:10)
  A wraith (D:8)
  4 wyverns (D:9)
  12 yaks
  A basilisk (D:9)
  4 water moccasins (D:9)
  2 acid dragons
  2 sky beasts
  2 orc warriors
  3 ice beasts
  3 black bears
  2 wolves (D:9)
  2 centaurs
  4 lemures
  A phantom (D:5)
  5 kobold brigands
  Blork the orc (D:6)
  2 bullfrogs (D:9)
  2 necrophages
  6 scorpions
  5 wights (D:8)
  4 howler monkeys (D:9)
  6 hounds
  8 orc priests
  5 jellies
  Crazy Yiuf (D:5)
  A gnoll bouda (D:8)
  Jessica (D:2)
  An iguana (D:5)
  16 orc wizards
  Natasha (thrice) (D:3)
  Robin (D:2)
  7 adders
  5 gnolls (D:8)
  2 shadow imps
  3 white imps
  3 ufetubi
  2 worms
  2 dart slugs
  32 orcs
  3 bats
  4 endoplasms
  4 giant cockroaches
  15 goblins
  6 hobgoblins
  5 jackals
  7 kobolds
  4 quokkas
  4 ball pythons
  5 frilled lizards
  3 rats
241 creatures vanquished.

Vanquished Creatures (others)
  An orc (D:5)
  4 fungi (D:9)
  14 plants (D:9)
19 creatures vanquished.

Grand Total: 260 creatures vanquished

Notes
Turn   | Place    | Note
-------+----------+-------------------------------------------
     0 | D:1      | themarg the Gnoll Transmuter began the quest for the Orb.
     0 | D:1      | Reached XP level 1. HP: 17/17 MP: 6/6
   141 | D:1      | Reached XP level 2. HP: 13/23 MP: 5/7
   144 | D:1      | Learned a level 2 spell: Wereblood
   423 | D:1      | Reached skill level 5 in Spellcasting
   423 | D:1      | Reached XP level 3. HP: 27/28 MP: 6/9
   427 | D:1      | Learned a level 3 spell: Spider Form
   846 | D:2      | Noticed Jessica
   853 | D:2      | Killed Jessica
   854 | D:2      | Reached skill level 1 in Short Blades
   854 | D:2      | Reached skill level 1 in Long Blades
   854 | D:2      | Reached skill level 1 in Axes
   854 | D:2      | Reached skill level 1 in Maces & Flails
   854 | D:2      | Reached skill level 1 in Polearms
   854 | D:2      | Reached skill level 1 in Staves
   854 | D:2      | Reached skill level 1 in Ranged Weapons
   854 | D:2      | Reached skill level 1 in Throwing
   854 | D:2      | Reached skill level 1 in Armour
   854 | D:2      | Reached skill level 1 in Stealth
   854 | D:2      | Reached skill level 1 in Shields
   854 | D:2      | Reached skill level 1 in Invocations
   854 | D:2      | Reached skill level 1 in Evocations
   854 | D:2      | Reached XP level 4. HP: 18/34 MP: 7/11
   939 | D:2      | Noticed Robin
   954 | D:2      | Killed Robin
   960 | D:2      | Reached skill level 1 in Conjurations
   960 | D:2      | Reached skill level 1 in Hexes
   960 | D:2      | Reached skill level 1 in Summonings
   960 | D:2      | Reached skill level 1 in Necromancy
   960 | D:2      | Reached skill level 1 in Translocations
   960 | D:2      | Reached skill level 1 in Fire Magic
   960 | D:2      | Reached skill level 1 in Ice Magic
   960 | D:2      | Reached skill level 1 in Air Magic
   960 | D:2      | Reached skill level 1 in Earth Magic
   960 | D:2      | Reached skill level 1 in Poison Magic
  1413 | D:2      | You fall into a shaft and drop 1 floor!
  1441 | D:2      | Reached XP level 5. HP: 40/40 MP: 9/12
  1675 | D:3      | Found a stormy altar of Qazlal.
  1678 | D:3      | Noticed an air elemental
  1678 | D:3      | Noticed a fire elemental
  1678 | D:3      | Noticed a water elemental
  1770 | D:3      | Found a white marble altar of Elyvilon.
  1813 | D:3      | Found an iron altar of Okawaru.
  1830 | D:3      | Found Juthrip's Book Shoppe.
  1853 | D:3      | Noticed Natasha
  1859 | D:3      | Killed Natasha
  1899 | D:3      | Found Uzu Usum's Assorted Antiques.
  1917 | D:3      | Found a faded altar of an unknown god.
  2100 | D:3      | Found an opulent altar of Gozag.
  2326 | D:3      | Noticed Natasha
  2333 | D:3      | Killed Natasha
  2361 | D:3      | Noticed Natasha
  2368 | D:3      | Killed Natasha
  2543 | D:4      | Found a sparkling altar of Nemelex Xobeh.
  2796 | D:4      | Noticed a black bear
  2805 | D:4      | Reached skill level 5 in Dodging
  2805 | D:4      | Reached XP level 6. HP: 45/47 MP: 9/14
  2813 | D:4      | Killed a black bear
  3023 | D:4      | Found a shimmering altar of Xom.
  3246 | D:4      | Reached skill level 7 in Unarmed Combat
  3246 | D:4      | Reached XP level 7. HP: 19/52 MP: 11/15
  3324 | D:3      | Bought a scroll labelled BEDIKU MIJURI for 31 gold pieces
  3324 | D:3      | Bought a murky golden potion for 27 gold pieces
  3406 | D:3      | Became a worshipper of Gozag Ym Sagoz the Greedy
  3757 | D:5      | Entered Level 5 of the Dungeon
  4200 | D:5      | Found a staircase to the Ecumenical Temple.
  4446 | D:5      | Found a basalt altar of Yredelemnul.
  4455 | D:5      | Reached XP level 8. HP: 54/60 MP: 13/16
  4458 | D:5      | Noticed a profane servitor
  4465 | D:5      | Found a glowing golden altar of the Shining One.
  4468 | D:5      | Noticed an angel
  4671 | D:5      | Found a sacrificial altar of Ru.
  5014 | D:5      | Found a runed translucent door.
  5015 | D:5      | Noticed Crazy Yiuf
  5021 | D:5      | Killed Crazy Yiuf
  5145 | D:6      | Noticed Blork the orc
  5502 | D:6      | Reached skill level 5 in Transmutations
  5518 | D:6      | Reached XP level 9. HP: 16/67 MP: 18/18
  5743 | D:6      | Learned a level 4 spell: Ice Form
  5889 | D:6      | Killed Blork the orc
  6401 | D:6      | Reached skill level 5 in Fighting
  6460 | D:6      | Noticed Pikel
  6472 | D:6      | Killed Pikel
  6473 | D:6      | Reached skill level 8 in Unarmed Combat
  6598 | D:6      | Found an ancient bone altar of Kikubaaqudgha.
  6598 | D:6      | Found a radiant altar of Vehumet.
  6610 | D:6      | Reached skill level 5 in Invocations
  6790 | D:6      | Found a shimmering blue altar of Sif Muna.
  6794 | D:6      | Got Sif Muna's Opusculum on Command
  7546 | D:7      | Found a bloodstained altar of Trog.
  8113 | D:8      | Noticed a green ugly thing
  8114 | D:8      | Noticed a gargoyle
  8119 | D:8      | Noticed a centaur warrior
  8123 | D:8      | Killed a green ugly thing
  8124 | D:8      | Reached skill level 5 in Short Blades
  8124 | D:8      | Reached skill level 5 in Long Blades
  8124 | D:8      | Reached skill level 5 in Axes
  8124 | D:8      | Reached skill level 5 in Maces & Flails
  8124 | D:8      | Reached skill level 5 in Polearms
  8124 | D:8      | Reached skill level 5 in Staves
  8124 | D:8      | Reached skill level 5 in Ranged Weapons
  8124 | D:8      | Reached skill level 5 in Throwing
  8124 | D:8      | Reached skill level 5 in Armour
  8124 | D:8      | Reached skill level 5 in Stealth
  8124 | D:8      | Reached skill level 5 in Shields
  8124 | D:8      | Reached skill level 5 in Evocations
  8124 | D:8      | Reached XP level 10. HP: 47/76 MP: 14/20
  8126 | D:8      | Killed a gargoyle
  8126 | D:8      | Noticed a cane toad
  8131 | D:8      | Killed a centaur warrior
  8140 | D:8      | Killed a cane toad
  8143 | D:8      | Noticed a centaur warrior
  8149 | D:8      | Killed a centaur warrior
  8446 | D:8      | Identified the +0 ring mail "Limaapysop" {rF++ rC- Int+3
                  | SInv}
  8529 | D:8      | Killed an unseen horror
  9413 | D:9      | Noticed an ice statue
  9558 | D:9      | Reached skill level 9 in Unarmed Combat
  9680 | D:9      | Reached skill level 5 in Conjurations
  9680 | D:9      | Reached skill level 5 in Hexes
  9680 | D:9      | Reached skill level 5 in Summonings
  9680 | D:9      | Reached skill level 5 in Necromancy
  9680 | D:9      | Reached skill level 5 in Translocations
  9680 | D:9      | Reached skill level 5 in Fire Magic
  9680 | D:9      | Reached skill level 5 in Ice Magic
  9680 | D:9      | Reached skill level 5 in Air Magic
  9680 | D:9      | Reached skill level 5 in Earth Magic
  9680 | D:9      | Reached skill level 5 in Poison Magic
  9685 | D:9      | Reached XP level 11. HP: 83/83 MP: 19/22
  9956 | D:9      | Found a staircase to the Lair.
 10110 | D:9      | Found the +7 Throatcutter {drain, coup de grace}
 10327 | D:9      | Identified the +6 lajatang of Watchfulness {flame, *Slow
                  | Int+6}
 10407 | D:9      | Found a snail-covered altar of Cheibriados.
 11164 | D:9      | Learned a level 4 spell: Airstrike
 11165 | D:10     | Entered Level 10 of the Dungeon
 11441 | D:10     | Found a shadowy altar of Dithmenos.
 11718 | D:10     | Learned a level 3 spell: Mephitic Cloud
 12049 | D:10     | Learned a level 5 spell: Freezing Cloud
 12063 | D:11     | Found a transporter.
 12078 | D:11     | Noticed a cyclops
 12078 | D:11     | Noticed a two-headed ogre
 12096 | D:11     | Killed a two-headed ogre
 12101 | D:11     | Killed a cyclops
 12129 | D:11     | HP: 4/126 [troll (12)]
 12129 | D:11     | HP: 1/126 [troll (3)]
 12129 | D:11     | Slain by a troll

Illustrated notes

Levels and vault maps discovered:
D:1:      dpeg_arrival_simpleton_c, layout_loops_ring, minivault_26,
          chequers_arboretum
D:2:      layout_basic, minivault_11, kennysheep_generic_room_2, uniq_robin,
          uniq_jessica
D:3:      layout_loops_ring, nicolae_overflow_hidden_temple,
          nicolae_qazlal_style_of_elements, marbit_many_paths,
          general_overflow_altar, serial_shops,
          nicolae_shop_competitors_out_of_business, nicolae_shop_stone,
          ebering_ecumenical_altar_abandoned, uniq_natasha
D:4:      layout_basic, mainiacjoe_overflow_concentric_impassable,
          mainiacjoe_overflow_brackets
D:5:      minmay_chambers_of_threes, layout_rooms,
          grunt_temple_overflow_holy_war, kennysheep_mini,
          minmay_temple_entry_glassed_door, uniq_crazy_yiuf_cottage
D:6:      layout_layer_cave, palyth_temple_overflow_mages, uniq_pikel,
          uniq_blork_the_orc
D:7:      layout_loops_ring, mainiacjoe_overflow_24_doors, amethyst_killhole
D:8:      minmay_the_grid_four_pointed_star
          [minmay_the_grid_triangle_9x9_checkered,
          minmay_the_grid_triangle_9x9_descending_squares,
          minmay_the_grid_triangle_9x9_impossible_snake,
          minmay_the_grid_triangle_9x9_thin_v, minmay_the_grid_prize_trominoes],
          layout_gridville
D:9:      layout_stronghold, cheibrodos_worm_habitat, minmay_lair_entry_grove,
          minivault_16, dilly_guarded_unrand_throatcut
D:10:     layout_basic, mainiacjoe_overflow_six_doors_small
D:11:     gammafunk_worm_tunnel, layout_basic, minmay_orc_entry_guard_dogs,
          st_stairs_4

Skill      XL: |  1  2  3  4  5  6  7  8  9 10 11 |
---------------+----------------------------------+-----
Spellcasting   | 5 6 7 8 |  8.7
Short Blades   | 1 2 3 5 6 7 |  7.0
Long Blades    | 1 2 3 5 6 7 |  7.0
Axes           | 1 2 3 5 6 7 |  7.0
Maces & Flails | 1 2 3 5 6 7 |  7.0
Polearms       | 1 2 3 5 6 7 |  7.0
Staves         | 1 2 3 5 6 7 |  7.0
Ranged Weapons | 1 2 3 5 6 7 |  7.0
Throwing       | 1 2 3 5 6 7 |  7.0
Armour         | 1 2 3 5 6 7 |  7.0
Stealth        | 1 2 3 5 6 7 |  7.0
Shields        | 1 2 3 5 6 7 |  7.0
Invocations    | 1 2 3 4 5 6 7 |  7.7
Evocations     | 1 2 3 5 6 7 |  7.0
Conjurations   | 1 2 3 4 5 |  5.8
Hexes          | 1 2 3 4 5 |  5.8
Summonings     | 1 2 3 4 5 |  5.8
Necromancy     | 1 2 3 4 5 |  5.8
Translocations | 1 2 3 4 5 |  5.8
Fire Magic     | 1 2 3 4 5 |  5.8
Ice Magic      | 1 2 3 4 5 |  5.8
Air Magic      | 1 2 3 4 5 |  5.8
Earth Magic    | 1 2 3 4 5 |  5.8
Poison Magic   | 1 2 3 4 5 |  5.8
Fighting       | 3 4 5 6 7 |  7.5
Transmutations | 4 5 6 7 |  7.0
Dodging        | 5 6 7 8 |  8.5
Unarmed Combat | 7 8 9 |  9.7

Action                   |  1- 3 |  4- 6 |  7- 9 | 10-12 || total
-------------------------+-------+-------+-------+-------++-------
Melee: Unarmed           |    48 |   108 |   263 |   289 ||   708
       Kick              |     9 |     3 |       |       ||    12
       Headbutt          |     5 |     4 |       |       ||     9
       Bite              |     3 |     3 |       |       ||     6
       Punch             |     1 |     2 |       |     1 ||     4
       Long sword        |       |       |       |     4 ||     4
 Cast: Beastly Appendage |    19 |    11 |       |       ||    30
       Spider Form       |     1 |    18 |    30 |     1 ||    50
       Wereblood         |       |     2 |     8 |    10 ||    20
       Ice Form          |       |       |    11 |    28 ||    39
Invok: Potion Petition   |       |       |     1 |     1 ||     2
  Use: Scroll            |       |       |     6 |     1 ||     7
       Potion            |       |       |     3 |     2 ||     5
 Stab: Sleeping          |       |     4 |     2 |     1 ||     7
       Distracted        |       |       |     2 |     3 ||     5
Armor: Robe              |     4 |     4 |       |       ||     8
       Skin              |       |     3 |    47 |    75 ||   125
Dodge: Dodged            |    19 |    73 |   177 |   153 ||   422

Table legend: (Time is in decaauts)
 A = Elapsed time spent in this place.
 B = Non-inter-level travel time spent in this place.
 C = Inter-level travel time spent in this place.
 D = Time resting spent in this place.
 E = Time spent auto-exploring this place.
 F = Levels seen in this place.
 G = Mean time per level.
                   A        B        C        D        E       F      G
               +--------+--------+--------+--------+--------+-----+--------+
         Total |  12025 |  11517 |    508 |    476 |   9193 |  11 | 1093.2 |
       Dungeon |  12025 |  11517 |    508 |    476 |   9193 |  11 | 1093.2 |
               +--------+--------+--------+--------+--------+-----+--------+

Top non-repeatable levels by time:
     D:6: 1848 daAuts
     D:9: 1742 daAuts
     D:5: 1496 daAuts
     D:8: 1432 daAuts
     D:4: 1139 daAuts
     D:3: 1063 daAuts
    D:10: 886 daAuts
     D:7: 809 daAuts
     D:1: 788 daAuts
     D:2: 753 daAuts
    D:11: 64 daAuts
